 Dungeon Crawl Stone Soup version 0.19-a0-1815-g4007336 (webtiles) character file.

1304 Amnesiac the Cleaver (level 8, -18/73 HPs)
             Began as a Hill Orc Monk on Oct 6, 2016.
             Was a Priest of Okawaru.
             Demolished by an orc warrior
             ... wielding a cursed +0 war axe
              (20 damage)
             ... on level 7 of the Dungeon.
             The game lasted 00:14:47 (7784 turns).

Amnesiac the Cleaver (Hill Orc Monk)                Turns: 7784, Time: 00:14:48

Health: -18/73     AC: 10    Str: 15    XL:     8   Next: 57%
Magic:  8/8        EV: 12    Int: 10    God:    Okawaru [***...]
Gold:   263        SH:  0    Dex: 14    Spells: 0 memorised, 7 levels left

rFire  . . .     SeeInvis .     E - +0 morningstar
rCold  . . .     Gourm    .     x - +0 chain mail
rNeg   . . .     Faith    .     (no shield)
rPois  .         Spirit   .     (no helmet)
rElec  .         Dismiss  .     s - +1 cloak
rCorr  .         Reflect  .     (no gloves)
MR     .....     Harm     .     (no boots)
Stlth  ..........               (no amulet)
                                (no ring)
                                b - +5 ring of evasion

@: no status effects
A: no striking features
a: Heroism, Renounce Religion


You were on level 7 of the Dungeon.
You worshipped Okawaru.
Okawaru was most pleased with you.
You were not hungry.

You visited 2 branches of the dungeon, and saw 8 of its levels.
You also visited: Sewer.

You collected 263 gold pieces.

Inventory:

Hand Weapons
 a - a +0 hand axe
 E - a +0 morningstar (weapon)
Armour
 s - a +1 cloak (worn)
 x - a +0 chain mail (worn)
Jewellery
 b - a +5 ring of evasion (left hand)
 z - an uncursed ring of fire
Wands
 e - a wand of slowing (0/48)
 y - a wand of random effects (1/48)
Scrolls
 j - a scroll of noise {unknown}
 k - 3 scrolls of recharging {unknown}
 n - 2 scrolls of blinking {unknown}
 o - 2 scrolls of magic mapping {unknown}
 t - 2 scrolls of teleportation
 v - 2 scrolls of enchant armour
 A - 2 scrolls of remove curse
 C - a scroll of amnesia
Potions
 d - a potion of curing
 h - 2 potions of degeneration {unknown}
 m - a potion of flight {unknown}
 p - a potion of ambrosia
 q - a potion of mutation {unknown}
 w - 2 potions of cancellation
Books
 u - a book of Changes

   Spells                             Type                      Level
   a - Beastly Appendage              Transmutation                1
   b - Sticks to Snakes               Transmutation                2
   c - Spider Form                    Transmutation/Poison         3
   d - Ice Form                       Ice/Transmutation            4
   e - Blade Hands                    Transmutation                5
Comestibles
 c - 3 bread rations
 f - 3 fruits
 g - 3 beef jerkies
 i - 5 meat rations
 l - 2 slices of pizza


   Skills:
 + Level 7.6 Fighting
 * Level 11.5 Axes
 - Level 2.4 Dodging
 - Level 1.5 Stealth


You had 7 spell levels left.
You didn't know any spells.

Dungeon Overview and Level Annotations

Branches:
Dungeon (7/15)             Temple (1/1) D:4

Altars:
Ashenzari
Cheibriados
Dithmenos
Elyvilon
Fedhas
Gozag
Hepliaklqana
Kikubaaqudgha
Makhleb
Nemelex Xobeh
Okawaru
Qazlal
Ru
Sif Muna
Trog
Uskayaw
Vehumet
Xom
Yredelemnul
Zin
The Shining One

Annotations:
D:4 Menkaure


Message History

The orc warrior hits you with a war axe.
You hit the orc warrior.
The orc warrior is almost dead.
The orc warrior misses you.
You hit the orc warrior but do no damage.
The orc warrior is almost dead.
The orc warrior hits you with a war axe!
* * * LOW HITPOINT WARNING * * *
You are too injured to fight recklessly!
You are too injured to fight recklessly!
You are too injured to fight recklessly!
You hit the orc warrior but do no damage.
The orc warrior is almost dead.
The orc warrior hits you with a war axe!!
* * * LOW HITPOINT WARNING * * *
Unknown command.
You hit the orc warrior but do no damage.
The orc warrior is almost dead.
The orc warrior hits you with a war axe!!
You die...

###
#@#
#o#
#.#
#.#
#.#
#.#
#?#
#.#
#.#


You could see an orc warrior.

Vanquished Creatures
  An ogre (D:4)
  2 centaurs (D:6)
  3 bullfrogs
  2 crimson imps
  A quasit (D:4)
  A centaur skeleton (D:6)
  3 orc priests
  A hound (D:4)
  A jelly (D:6)
  A bullfrog skeleton (D:6)
  Jessica (D:2)
  An iguana (D:4)
  Natasha (thrice) (D:4)
  4 worker ants
  A killer bee zombie (D:5)
  A worker ant zombie (D:6)
  9 adders
  A shadow imp (D:5)
  10 oozes (Sewer)
  2 worms
  2 dart slugs (D:1)
  19 leopard geckos
  14 orcs
  20 giant cockroaches
  6 hobgoblins
  5 jackals
  7 kobolds
  16 ball pythons
  7 bats
  8 frilled lizards
  7 goblins
  A leopard gecko skeleton (D:4)
  2 quokka skeletons
  11 rats
174 creatures vanquished.

Notes
Turn   | Place    | Note
-------+----------+-------------------------------------------
     0 | D:1      | Amnesiac the Hill Orc Monk began the quest for the Orb.
     0 | D:1      | Reached XP level 1. HP: 19/19 MP: 1/1
   439 | D:3      | Reached XP level 2. HP: 20/27 MP: 2/2
   684 | D:3      | Reached skill level 5 in Axes
   684 | D:3      | Reached XP level 3. HP: 25/33 MP: 3/3
   927 | D:3      | Reached XP level 4. HP: 15/41 MP: 4/4
  1273 | D:4      | Noticed Natasha
  1286 | D:4      | Killed Natasha
  1286 | D:4      | Reached skill level 6 in Axes
  1304 | D:4      | Reached XP level 5. HP: 21/47 MP: 5/5
  1535 | D:4      | Reached skill level 5 in Fighting
  1787 | D:4      | Noticed Natasha
  1796 | D:4      | Noticed an ogre
  1814 | D:4      | Killed Natasha
  1814 | D:4      | Reached skill level 7 in Axes
  2002 | D:4      | Noticed Natasha
  2015 | D:4      | Killed Natasha
  2015 | D:4      | Reached XP level 6. HP: 46/56 MP: 6/6
  2072 | D:4      | Found a staircase to the Ecumenical Temple.
  2083 | Temple   | Entered the Ecumenical Temple
  2128 | Temple   | Became a worshipper of Warmaster Okawaru
  2128 | Temple   | Reached * piety under Okawaru
  2128 | Temple   | Reached ** piety under Okawaru
  2767 | D:1      | Reached skill level 8 in Axes
  3130 | D:2      | Noticed Jessica
  3143 | D:2      | Killed Jessica
  4044 | D:4      | Noticed Menkaure
  4052 | D:5      | Entered Level 5 of the Dungeon
  4815 | D:5      | Reached XP level 7. HP: 15/62 MP: 7/7
  5232 | D:4      | Reached skill level 9 in Axes
  6212 | D:6      | Reached skill level 10 in Axes
  6232 | D:6      | Found a glowing drain.
  6254 | Sewer    | Entered a sewer
  6471 | Sewer    | Reached XP level 8. HP: 71/71 MP: 8/8
  6914 | Sewer    | Reached *** piety under Okawaru
  6949 | Sewer    | Reached skill level 11 in Axes
  7783 | D:7      | HP: 2/73 [orc warrior/war axe (18)]
  7784 | D:7      | Demolished by an orc warrior

Vault maps used:
D:1:      dpeg_arrival_morbid_curiosity, minmay_pentomino_s4
D:2:      fedhas_altar_4, uniq_jessica
D:3:      first_bread
D:4:      uniq_natasha, uniq_menkaure
D:5:      minmay_misc_feat_columns, minmay_curled_crystal
D:6:      portal_sewer_entry_f
D:7:      serial_shops, nicolae_shop_waterfront
Temple:   nicolae_temple_the_god_donut
Sewer:    sewer_frog_island_02

Skill      XL: |  1  2  3  4  5  6  7  8 |
---------------+-------------------------+-----
Fighting       | 4 5 6 7 |  7.6
Axes           | 5 6 7 8 10 11 | 11.5
Dodging        | |  2.4
Stealth        | |  1.5

Action                   |  1- 3 |  4- 6 |  7- 9 || total
-------------------------+-------+-------+-------++-------
Melee: Hand axe          |    80 |   361 |    83 ||   524
       Quarterstaff      |     1 |       |       ||     1
       Morningstar       |       |       |   290 ||   290
Evoke: Wand              |       |     6 |    14 ||    20
  Use: Scroll            |     1 |     3 |     7 ||    11
       Potion            |       |     1 |     3 ||     4
  Eat: Chunk             |       |    11 |     9 ||    20
       Fruit             |       |       |     4 ||     4
Armor: Robe              |     6 |       |       ||     6
       Scale mail        |    19 |    69 |       ||    88
       Chain mail        |       |    25 |   223 ||   248
Dodge: Dodged            |    56 |   268 |   365 ||   689
